 Dungeon Crawl Stone Soup version 0.28-a0-845-gfc338a8e3c (webtiles) character file.

Game seed: 18255353038161416275

217 marklar909 the Cudgeller (level 5, -2/43 HPs)
             Began as a Palentonga Fighter on Nov 13, 2021.
             Slain by a scorpion (6 damage)
             ... on level 4 of the Dungeon.
             The game lasted 00:03:29 (3128 turns).

marklar909 the Cudgeller (Palentonga Fighter)       Turns: 3128, Time: 00:03:31

Health: -2/43      AC:  8    Str: 19    XL:     5   Next: 61%
Magic:  5/5        EV:  7    Int:  9    God:
Gold:   139        SH:  4    Dex: 10    Spells: 4/4 levels left

rFire   . . .      SeeInvis +   o - +4 whip
rCold   . . .      Faith    .   c - +0 buckler
rNeg    . . .      Spirit   .   b - +0 scale mail
rPois   .          Reflect  .   (no helmet)
rElec   .          Harm     .   (no cloak)
rCorr   .          Rampage  .   j - +0 pair of gloves
Will    .....                   (no barding)
Stlth   ..........              (no amulet)
HPRegen 0.14/turn               (no ring)
MPRegen 0.09/turn               (no ring)

@: lethally poisoned (-2 -> -17), flying
A: large, rugged brown scales 3, see invisible, deformed body, roll 1, armoured
tail
a: Rolling Charge


You were on level 4 of the Dungeon.
You visited 1 branch of the dungeon, and saw 4 of its levels.

You collected 186 gold pieces.
You spent 47 gold pieces at shops.

Inventory:

Hand Weapons
 a - a +0 flail
 o - a +4 whip (weapon)
Armour
 b - a +0 scale mail (worn)
 c - a +0 buckler (worn)
 j - a +0 pair of gloves (worn)
Jewellery
 m - an amulet of magic regeneration
Scrolls
 l - 2 scrolls of blinking
 p - a scroll of amnesia
 q - a scroll of teleportation
 s - a scroll of identify {unknown}
Potions
 d - a potion of might
 e - 3 potions of magic
 f - a potion of heal wounds {unknown}
 g - a potion of lignification {unknown}
 h - a potion of curing {unknown}
 i - 2 potions of attraction {unknown}
 k - a potion of brilliance {unknown}
 n - 2 potions of flight
 r - a potion of degeneration {unknown}


   Skills:
 + Level 3.5 Fighting
 + Level 4.3 Maces & Flails
 + Level 3.3 Armour
 + Level 0.6 Dodging
 + Level 0.1 Stealth
 + Level 2.7 Shields


You had 4 spell levels left.
You didn't know any spells.
Your spell library contained the following spells:

 Spells                   Type           Power      Damage    Failure   Level
 Animate Skeleton         Necr           0%         N/A       75%         1
 Sting                    Tmut/Pois      0%         1d3       75%         1
 Poisonous Vapours        Pois/Air       0%         N/A       87%         2
 Summon Guardian Golem    Hex/Summ       0%         N/A       98%         3
 Olgreb's Toxic Radiance  Pois           0%         N/A       100%        4
 Orb of Destruction       Conj           0%         N/A       100%        7
 Spellforged Servitor     Conj/Summ      0%         N/A       100%        7


Dungeon Overview and Level Annotations

Branches:
Dungeon (4/15)
 Temple: D:4-7

Altars:
Okawaru
The Shining One

Shops:
D:3 *


Innate Abilities, Weirdness & Mutations

You are completely covered in rugged brown scales. (AC +3, +7% HP)
You have supernaturally acute eyesight. (SInv)
Armour fits poorly on your strangely shaped body.
You can roll at nearby foes to attack.
You have a long armoured tail.


Message History

You barely miss the orc. You block the orc's attack.
You whack the orc!
You kill the orc!
No target in view!
HP restored.
Things that are here:
a +0 dagger; an orc corpse No target in view!
A scorpion comes into view.
Found a ring mail.
Found 10 gold pieces.
A scorpion is nearby!
A scorpion is nearby!
A scorpion is nearby!
Found a manual of Shields and a scroll of amnesia.
The scorpion stings you.
You are poisoned.
The scorpion poisons you! The scorpion stings you!
You are more poisoned.
The scorpion poisons you!
A scorpion is nearby!
You hit the scorpion but do no damage.
You feel very sick. The scorpion stings you!
You are lethally poisoned!
The scorpion poisons you!
You are too injured to fight recklessly!
You are too injured to fight recklessly!
You are too injured to fight recklessly!
It was a potion of magic.
Magic courses through your body.
You feel very sick. The scorpion stings you!
* * * LOW HITPOINT WARNING * * *
It was a potion of flight.
You feel very buoyant.
You fly up into the air.
* * * LOW HITPOINT WARNING * * *
You feel very sick. The scorpion stings you.
You die...

# .# ##. #.. # ...
..# ##. .?# #.. ...
#.# #.# #.# ..# #:#
#[# #... #.# #.#s#
#... #..###@###..# #
#...#...#..# #
#...###.###..######.#
#..................
##>....)...........
#...######...#..#.#
#..................
#..#######......#.
#.. #.###.##


You could see a scorpion.

Vanquished Creatures
  A jelly (D:3)
  An orc priest (D:3)
  3 gnolls (D:2)
  6 adders
  2 worms (D:2)
  2 dart slugs
  6 orcs
  4 endoplasms
  A giant cockroach (D:1)
  6 goblins
  4 hobgoblins
  7 jackals
  3 quokkas
  3 ball pythons
  5 bats
  3 frilled lizards (D:3)
  3 kobolds
  3 rats (D:1)
63 creatures vanquished.

Notes
Turn   | Place    | Note
-------+----------+-------------------------------------------
     0 | D:1      | marklar909 the Palentonga Fighter began the quest for the
                  | Orb.
     0 | D:1      | Reached XP level 1. HP: 19/19 MP: 1/1
   219 | D:1      | Reached XP level 2. HP: 8/25 MP: 2/2
   754 | D:1      | Found a faded altar of an unknown god.
   760 | D:1      | Got Plato's Almanac of Black Arts
  1082 | D:2      | Reached XP level 3. HP: 31/31 MP: 3/3
  1153 | D:2      | Reached skill level 3 in Maces & Flails
  1568 | D:2      | Reached XP level 4. HP: 36/37 MP: 4/4
  2217 | D:3      | Found Pudi Xelil's Assorted Antiques.
  2275 | D:3      | Bought a blue potion for 15 gold pieces
  2275 | D:3      | Bought a silvery potion for 15 gold pieces
  2275 | D:3      | Bought a scroll labelled LANLUECVAGH for 17 gold pieces
  2654 | D:3      | Reached XP level 5. HP: 39/43 MP: 5/5
  2678 | D:3      | Found an iron altar of Okawaru.
  2725 | D:3      | Found a glowing golden altar of the Shining One.
  2749 | D:3      | Reached skill level 4 in Maces & Flails
  3128 | D:4      | Slain by a scorpion

Illustrated notes

Levels and vault maps discovered:
D:1:      nzn_arrival_settlement, layout_rooms,
          shapermc_ecumenical_altar_rom_forum, minmay_tall_x
D:2:      layout_basic
D:3:      layout_rooms, mainiacjoe_overflow_swirl, serial_shops,
          nicolae_diamond_shop
D:4:      layout_basic, zin_academy, nicolae_ru_the_path_less_chosen,
          trog_ov_bears_minmay, hangedman_abyss_or_decor_passed,
          nicolae_wooded_promenade, minmay_manual_mail, uniq_edmund

Skill      XL: |  1  2  3  4  5 |
---------------+----------------+-----
Maces & Flails | 3 4 |  4.3
Armour         | 3 |  3.3
Fighting       | |  3.5
Dodging        | |  0.6
Stealth        | |  0.1
Shields        | |  2.7

Action                   |  1- 3 |  4- 6 || total
-------------------------+-------+-------++-------
Melee: Flail             |    80 |       ||    80
       Tailslap          |    11 |    11 ||    22
       Whip              |    11 |    93 ||   104
  Use: Scroll            |     1 |     3 ||     4
       Potion            |       |     2 ||     2
Armor: Scale mail        |    65 |    41 ||   106
Dodge: Dodged            |    48 |    22 ||    70
Block: Buckler           |    20 |    12 ||    32

Table legend: (Time is in decaauts)
 A = Elapsed time spent in this place.
 B = Non-inter-level travel time spent in this place.
 C = Inter-level travel time spent in this place.
 D = Time resting spent in this place.
 E = Time spent auto-exploring this place.
 F = Levels seen in this place.
 G = Mean time per level.
                   A        B        C        D        E       F      G
               +--------+--------+--------+--------+--------+-----+--------+
         Total |   3144 |   3037 |    107 |    593 |   1921 |   4 |  786.0 |
       Dungeon |   3144 |   3037 |    107 |    593 |   1921 |   4 |  786.0 |
               +--------+--------+--------+--------+--------+-----+--------+

Top non-repeatable levels by time:
     D:2: 1121 daAuts
     D:1: 1035 daAuts
     D:3: 919 daAuts
     D:4: 68 daAuts
